 Dungeon Crawl Stone Soup version 0.31.0-9-g3a7656b989 (webtiles) character file.

Game seed: 13223838113708035777

14597 qw the Nimble (level 11, 0/55 HPs)
             Began as a Spriggan Hunter on Feb 2, 2024.
             Was a High Priest of Okawaru.
             Slain by a skeletal warrior
             ... wielding a +0 battleaxe
              (16 damage)
             ... on level 14 of the Dungeon.
             The game lasted 00:01:24 (12697 turns).

qw the Nimble (Spriggan Hunter)                    Turns: 12697, Time: 00:01:24

Health: 0/55       AC:  8    Str:  7    XL:     11   Next: 90%
Magic:  16/19      EV: 29    Int: 12    God:    Okawaru [*****.]
Gold:   489        SH:  0    Dex: 22    Spells: 10/10 levels left

rFire   + . .        u - +0 arbalest
rCold   + . .        (shield currently unavailable)
rNeg    . . .        s - +1 steam dragon scales
rPois   .            l - +2 hat
rElec   .            (no cloak)
rCorr   .            (gloves unavailable)
SInv    +            (boots unavailable)
Will    +....        (no amulet)
Stlth   ++           h - ring of protection from fire
HPRegen 0.29/turn    o - ring of protection from cold
MPRegen 0.16/turn

%: no passive effects
@: finesse-ful, very quick
A: very small, no large weapons, unfitting armour, see invisible, speed 3
a: Renounce Religion, Heroism, Finesse, Duel


You were on level 14 of the Dungeon.
You worshipped Okawaru.
Okawaru was extremely pleased with you.
You visited 2 branches of the dungeon, and saw 13 of its levels.
You also visited: Sewer.

You collected 730 gold pieces.
You spent 241 gold pieces at shops.


Innate Abilities, Weirdness & Mutations

You are very small and have problems with some larger weapons.
You are too small for most types of armour.
You have supernaturally acute eyesight. (SInv)
You cover ground extremely quickly. (Speed+++)


   Skills:
 - Level 5.0 Fighting
 - Level 13.0 Ranged Weapons
 - Level 1.2 Armour
 + Level 13.0 Dodging
 - Level 1.5 Stealth
 + Level 9.7 Invocations


You had 10 spell levels left.
You didn't know any spells.
Your spell library was empty.

Inventory:

Hand Weapons
 u - a +0 arbalest (weapon)
Armour
 d - a +0 troll leather armour
 l - a +2 hat (worn)
 s - +1 steam dragon scales (worn)
Jewellery
 h - a ring of protection from fire (left hand)
 o - a ring of protection from cold (right hand)
 r - a ring of ice
Wands
 k - a wand of polymorph (13)
Scrolls
 a - a scroll of identify
Potions
 b - 2 potions of might
 c - 3 potions of magic
 e - a potion of cancellation
 g - 7 potions of mutation
 i - a potion of enlightenment
 j - a potion of haste
 m - 3 potions of curing

Dungeon Overview and Level Annotations

Branches:
Dungeon (14/15)            Temple (1/1) D:4            Lair (0/5) D:11
  Sewer (visited)
    Orc: D:9-12      Vaults: D:13-14

Altars:
Ashenzari
Cheibriados
Dithmenos
Elyvilon
Fedhas
Gozag
Hepliaklqana
Kikubaaqudgha
Makhleb
Nemelex Xobeh
Okawaru
Qazlal
Ru
Sif Muna
Trog
Uskayaw
Vehumet
Wu Jian
Xom
Yredelemnul
Zin
The Shining One

Shops:
D:4 (?   D:10 ?

Annotations:
D:2 1 runed translucent door, Crazy Yiuf
D:9 3 runed translucent doors, qw's ghost, novice DEHu
D:11 exclusions: hound and 4 kobolds


Message History

The bolt barely misses the skeletal warrior.
The skeletal warrior hits you with a +0 battleaxe!
You shoot a bolt. The bolt hits the skeletal warrior!
The skeletal warrior is lightly damaged.
A skeletal warrior comes into view. It is wielding a +0 hand axe.
You shoot a bolt.
The bolt closely misses the skeletal warrior.
The bolt barely misses the skeletal warrior.
The skeletal warrior misses you.
You shoot a bolt.
The bolt barely misses the skeletal warrior.
The bolt hits the skeletal warrior but does no damage.
You shoot a bolt.
The bolt closely misses the skeletal warrior.
The bolt hits the skeletal warrior!
The skeletal warrior is lightly damaged.
The skeletal warrior closely misses you.
You shoot a bolt.
The bolt closely misses the skeletal warrior.
The bolt barely misses the skeletal warrior.
The skeletal warrior barely misses you.
You shoot a bolt. The bolt hits the skeletal warrior!
The skeletal warrior is moderately damaged.
You shoot a bolt.
The bolt closely misses the skeletal warrior.
The bolt hits the skeletal warrior but does no damage.
The skeletal warrior is lightly damaged.
The skeletal warrior hits you with a +0 battleaxe!!
You shoot a bolt.
The bolt barely misses the skeletal warrior.
The bolt hits the skeletal warrior but does no damage.
The skeletal warrior is lightly damaged.
The skeletal warrior completely misses you.
You shoot a bolt. The bolt hits the skeletal warrior.
The skeletal warrior is moderately damaged.
You shoot a bolt.
The bolt hits the skeletal warrior but does no damage.
The skeletal warrior is moderately damaged.
The skeletal warrior hits you with a +0 battleaxe!
You die...

# .# .# #.#
77#.. .z.
#z#
###@#####
#.......#
#.#.###.#
#.#.# #.#
#..>###.#
###....##.#
......##.#
##....##.#
#..#.##.#


You could see 2 skeletal warriors.

Vanquished Creatures
  Erica (D:8)
  A centaur warrior (D:14)
  3 two-headed ogres
  A manticore (D:11)
  Joseph (D:7)
  An unseen horror (D:11)
  Jeremiah (D:7)
  A kobold demonologist (D:8)
  3 trolls
  Sigmund (D:6)
  A shadow (D:10)
  2 wraiths (D:9)
  21 yaks
  A water elemental (D:11)
  3 steam dragons (D:9)
  Duvessa (D:7)
  2 acid dragons
  3 water moccasins
  2 sky beasts (D:7)
  3 orc warriors
  A black bear (D:7)
  2 ice beasts
  An ogre (D:7)
  A centaur (D:9)
  2 wolves (D:11)
  2 phantoms
  6 kobold brigands
  Blork the orc (D:5)
  A bullfrog (D:9)
  2 scorpions
  5 wights
  Dowan (D:7)
  14 killer bees (D:9)
  2 electric eels (D:11)
  4 howler monkeys
  2 bombardier beetles (D:4)
  8 orc priests
  6 hounds
  2 jellies
  2 gnoll boudas
  2 sleepcaps
  Terence (D:3)
  6 iguanas
  13 orc wizards
  Robin (D:3)
  10 gnolls
  14 adders
  3 river rats
  4 shadow imps
  A white imp (D:7)
  3 dart slugs
  4 ribbon worms
  45 orcs
  12 endoplasms
  5 giant cockroaches
  18 goblins
  7 hobgoblins
  5 quokkas
  8 ball pythons
  2 bats
  3 frilled lizards (D:1)
  29 kobolds
  23 rats
337 creatures vanquished.

Vanquished Creatures (others)
  A black bear (D:5)
  A hound (D:11)
  2 orcs (D:11)
4 creatures vanquished.

Grand Total: 341 creatures vanquished

Notes
Turn   | Place    | Note
-------+----------+-------------------------------------------
     0 | D:1      | qw the Spriggan Hunter began the quest for the Orb.
     0 | D:1      | Reached XP level 1. HP: 10/10 MP: 2/2
     0 | D:1      | 0 ||| qw: Version: 0.3-a-155-g5e7d8dd
     0 | D:1      | 0 ||| qw: Game counter: 1524
     0 | D:1      | 0 ||| qw: Melee chars always use a shield: true
     0 | D:1      | 0 ||| qw: God list: Okawaru
     0 | D:1      | 0 ||| qw: Allow faded altars: false
     0 | D:1      | 0 ||| qw: Do Orc after clearing Dungeon:15 true
     0 | D:1      | 0 ||| qw: Do second Lair branch before Depths: true
     0 | D:1      | 0 ||| qw: Lair rune preference: random
     0 | D:1      | 0 ||| qw: Goals: Normal
     0 | D:1      | 0 ||| PLANNING D:1-11
    57 | D:1      | Reached skill level 3 in Dodging
   148 | D:1      | Reached XP level 2. HP: 14/14 MP: 3/3
   680 | D:1      | 680 ||| READING 5 scrolls labelled EMAUFU WOURCHOE.
   684 | D:1      | 684 ||| READING scroll labelled WEKLULI YVOL.
   684 | D:1      | 684 ||| ENCHANTING +0 shortbow.
   685 | D:1      | 685 ||| READING scroll labelled SOEFUL BUCVURPHAIT.
   685 | D:1      | 685 ||| IDENTIFYING green potion
   686 | D:1      | 686 ||| DROPPING scroll of butterflies.
   798 | D:2      | Reached XP level 3. HP: 18/18 MP: 4/4
   803 | D:2      | Identified the +2 hammer of Pain and Death {flame, Str+2
                  | SInv}
   810 | D:2      | Found a runed translucent door.
   811 | D:2      | Noticed Crazy Yiuf
   866 | D:2      | Found a shimmering blue altar of Sif Muna.
   904 | D:2      | 904 ||| FLEEEEING.
   995 | D:2      | Reached XP level 4. HP: 22/22 MP: 5/5
  1050 | D:2      | HP: 4/22 [frozen (3)]
  1051 | D:2      | 1051 ||| READING 4 scrolls of teleportation.
  1280 | D:2      | 1280 ||| READING 4 scrolls labelled QUFACA BOISE.
  1381 | D:2      | 1381 ||| READING scroll labelled QYINOK MUETS.
  1382 | D:2      | 1382 ||| READING 3 scrolls labelled KEAL YKOCZAI.
  1383 | D:2      | 1383 ||| READING scroll labelled ZISHRET WAIXTAA.
  1384 | D:2      | 1384 ||| READING scroll labelled HIBATH IXTEBB.
  1384 | D:2      | 1384 ||| ENCHANTING +0 shortbow.
  1385 | D:2      | 1385 ||| DROPPING 3 scrolls of vulnerability.
  1386 | D:2      | 1386 ||| DROPPING 2 scrolls of revelation.
  1517 | D:3      | Noticed Terence
  1533 | D:3      | Killed Terence
  1611 | D:3      | Found a faded altar of an unknown god.
  1730 | D:3      | Noticed Robin
  1740 | D:3      | Killed Robin
  1866 | D:3      | Reached XP level 5. HP: 26/26 MP: 6/6
  1937 | D:3      | 1937 ||| READING scroll of enchant weapon.
  1937 | D:3      | 1937 ||| ENCHANTING +1 shortbow.
  2545 | D:3      | 2545 ||| READING scroll of identify.
  2545 | D:3      | 2545 ||| IDENTIFYING sedimented clear potion
  2546 | D:3      | 2546 ||| READING scroll labelled ALA REG MASHRUB.
  2547 | D:3      | 2547 ||| READING scroll labelled RUDOIP CYWN.
  2548 | D:3      | 2548 ||| DRINKING 3 black potions.
  2549 | D:3      | 2549 ||| DROPPING potion of brilliance.
  2551 | D:3      | 2551 ||| Stepping ~*~*~tactically~*~*~ (cloud).
  2560 | D:3      | HP: 6/26 [poisoned by you (poison gas)]
  2707 | D:4      | Reached skill level 6 in Ranged Weapons
  2814 | D:4      | Reached XP level 6. HP: 30/30 MP: 7/7
  2824 | D:4      | Found a staircase to the Ecumenical Temple.
  2825 | D:4      | 2825 ||| PLANNING TEMPLE
  2825 | D:4      | 2825 ||| DRINKING 2 dark potions.
  2859 | D:4      | 2859 ||| DROPPING potion of lignification.
  2867 | Temple   | Entered the Ecumenical Temple
  2868 | Temple   | 2868 ||| PLANNING OKAWARU WORSHIP
  2924 | Temple   | Became a worshipper of Warmaster Okawaru
  2925 | Temple   | 2925 ||| PLANNING D:1-11
  3046 | D:4      | Found Aduugoz's Magic Scroll Emporium.
  3058 | D:4      | Reached skill level 6 in Dodging
  3075 | D:4      | Found Ozigi's Antique Weapon Emporium.
  3084 | D:4      | 3084 ||| BUYING scroll of identify (24 gold).
  3084 | D:4      | Bought a scroll of identify for 24 gold pieces
  3084 | D:4      | 3084 ||| BUYING scroll of teleportation (36 gold).
  3084 | D:4      | Bought a scroll of teleportation for 36 gold pieces
  3084 | D:4      | 3084 ||| BUYING scroll of teleportation (36 gold).
  3084 | D:4      | Bought a scroll of teleportation for 36 gold pieces
  3404 | D:4      | 3404 ||| UPGRADING to +2 hat.
  3409 | D:4      | 3409 ||| READING scroll of identify.
  3409 | D:4      | 3409 ||| IDENTIFYING fuming puce potion
  3410 | D:4      | 3410 ||| READING scroll labelled QEDU SAROH.
  3492 | D:5      | Entered Level 5 of the Dungeon
  3493 | D:5      | 3493 ||| PLANNING SEWER
  3493 | D:5      | 3493 ||| STAIRDANCE
  3502 | D:4      | 3502 ||| DRINKING potion of curing.
  3502 | D:4      | 3502 ||| (to cure poison)
  3545 | D:5      | 3545 ||| STAIRDANCE
  3559 | D:5      | 3559 ||| STAIRDANCE
  3565 | D:4      | Reached XP level 7. HP: 26/35 MP: 8/8
  3605 | D:5      | 3605 ||| STAIRDANCE
  3614 | D:5      | 3614 ||| STAIRDANCE
  3627 | D:4      | Reached * piety under Okawaru
  3732 | D:5      | 3732 ||| STAIRDANCE
  3743 | D:5      | 3743 ||| STAIRDANCE
  3758 | D:5      | 3758 ||| STAIRDANCE
  3775 | D:4      | Reached skill level 1 in Invocations
  3890 | D:5      | Identified the +1 leather armour of Decompression {Harm
                  | rF++ Str-3}
  4073 | D:5      | 4073 ||| INVOKING Heroism.
  4076 | D:5      | Noticed Blork the orc
  4077 | D:5      | 4077 ||| RETREEEEATING.
  4078 | D:5      | 4078 ||| RETREEEEATING.
  4084 | D:5      | Killed Blork the orc
  4085 | D:5      | Reached skill level 3 in Invocations
  4090 | D:5      | HP: 4/35 [sleepcap (18)]
  4091 | D:5      | 4091 ||| READING 6 scrolls of teleportation.
  4092 | D:5      | 4092 ||| DRINKING 3 potions of heal wounds.
  4095 | D:5      | Reached XP level 8. HP: 27/39 MP: 9/11
  4180 | D:5      | Found a glowing drain.
  4190 | Sewer    | Entered a sewer
  4282 | Sewer    | 4282 ||| INVOKING Heroism.
  4288 | Sewer    | HP: 9/39 [poisoned by a kobold brigand]
  4289 | Sewer    | 4289 ||| READING 5 scrolls of teleportation.
  4290 | Sewer    | 4290 ||| DRINKING 2 potions of heal wounds.
  4305 | Sewer    | HP: 8/39 [rat (2)]
  4306 | Sewer    | 4306 ||| READING 4 scrolls of teleportation.
  4307 | Sewer    | 4307 ||| DRINKING potion of heal wounds.
  4418 | Sewer    | 4418 ||| INVOKING Heroism.
  4621 | Sewer    | Reached skill level 3 in Fighting
  5003 | Sewer    | 5003 ||| DRINKING 2 inky potions.
  5039 | D:5      | 5039 ||| PLANNING D:1-11
  5096 | D:5      | 5096 ||| READING scroll of identify.
  5096 | D:5      | 5096 ||| IDENTIFYING viscous grey potion
  5107 | D:6      | 5107 ||| STAIRDANCE
  5111 | D:6      | 5111 ||| STAIRDANCE
  5188 | D:6      | 5188 ||| STAIRDANCE
  5195 | D:5      | HP: 8/37 [wight/+4 long sword (6)]
  5196 | D:5      | 5196 ||| READING 3 scrolls of teleportation.
  5370 | D:6      | HP: 7/37 [wight/+2 trident (7)]
  5371 | D:6      | 5371 ||| READING 2 scrolls of teleportation.
  5373 | D:6      | Reached ** piety under Okawaru
  5373 | D:6      | Found an ornate altar of the Wu Jian Council.
  5861 | D:6      | Reached skill level 9 in Ranged Weapons
  6083 | D:6      | Noticed Sigmund
  6084 | D:6      | 6084 ||| INVOKING Heroism.
  6097 | D:6      | Killed Sigmund
  6098 | D:6      | Reached XP level 9. HP: 44/44 MP: 11/13
  6099 | D:6      | Reached skill level 9 in Dodging
  6224 | D:6      | 6224 ||| READING scroll of identify.
  6224 | D:6      | 6224 ||| IDENTIFYING sapphire potion
  6225 | D:6      | 6225 ||| DRINKING 2 blue potions.
  6226 | D:6      | 6226 ||| DROPPING potion of ambrosia.
  6261 | D:7      | Identified the +0 flail of the Exiled Souls {heavy,
                  | *Corrode rElec rF+ Str+3 Int+2}
  6471 | D:7      | Noticed Duvessa
  6474 | D:7      | Noticed Dowan
  6478 | D:7      | 6478 ||| INVOKING Heroism.
  6484 | D:7      | Killed Duvessa
  6491 | D:7      | Killed Dowan
  6513 | D:7      | Noticed a troll
  6514 | D:7      | 6514 ||| INVOKING Heroism.
  6525 | D:7      | Killed a troll
  6554 | D:7      | Noticed Jeremiah
  6555 | D:7      | 6555 ||| INVOKING Heroism.
  6572 | D:7      | Killed Jeremiah
  6575 | D:7      | Noticed Joseph
  6582 | D:7      | 6582 ||| INVOKING Heroism.
  6600 | D:7      | HP: 3/44 [Joseph/+0 quarterstaff (13)]
  6601 | D:7      | 6601 ||| READING 3 scrolls of teleportation.
  6602 | D:7      | 6602 ||| DRINKING potion of heal wounds.
  6901 | D:7      | 6901 ||| INVOKING Heroism.
  7001 | D:7      | 7001 ||| INVOKING Heroism.
  7010 | D:7      | Killed Joseph
  7010 | D:7      | Reached *** piety under Okawaru
  7209 | D:7      | 7209 ||| INVOKING Heroism.
  7479 | D:7      | 7479 ||| UPGRADING to +2 robe of positive energy.
  7489 | D:7      | 7489 ||| DROPPING +0 robe.
  7490 | D:7      | 7490 ||| READING scroll labelled XAIMAMUJOI.
  7775 | D:8      | Noticed Erica
  7776 | D:8      | 7776 ||| INVOKING Heroism.
  7783 | D:8      | Killed Erica
  7784 | D:8      | Reached XP level 10. HP: 13/51 MP: 11/14
  7784 | D:8      | 7784 ||| DRINKING 2 potions of curing.
  7784 | D:8      | 7784 ||| (to cure poison)
  8108 | D:8      | Noticed a two-headed ogre
  8109 | D:8      | 8109 ||| INVOKING Heroism.
  8121 | D:8      | Killed a two-headed ogre
  8121 | D:8      | Reached **** piety under Okawaru
  8124 | D:8      | 8124 ||| FLEEEEING.
  8508 | D:8      | HP: 9/51 [orc warrior/arrow (12)]
  8509 | D:8      | 8509 ||| READING 2 scrolls of teleportation.
  8510 | D:8      | 8510 ||| DRINKING 2 potions of heal wounds.
  8821 | D:8      | 8821 ||| SWAPPING to +0 orcbow.
  8822 | D:8      | 8822 ||| DROPPING +2 shortbow.
  9003 | D:8      | 9003 ||| UPGRADING to ring of protection from fire.
  9042 | D:9      | 9042 ||| STAIRDANCE
  9058 | D:9      | 9058 ||| STAIRDANCE
  9116 | D:9      | 9116 ||| STAIRDANCE
  9223 | D:9      | 9223 ||| RETREEEEATING.
  9225 | D:9      | 9225 ||| RETREEEEATING.
  9227 | D:9      | 9227 ||| RETREEEEATING.
  9232 | D:9      | 9232 ||| RETREEEEATING.
  9233 | D:9      | 9233 ||| RETREEEEATING.
  9234 | D:9      | 9234 ||| RETREEEEATING.
  9235 | D:9      | 9235 ||| RETREEEEATING.
  9250 | D:9      | 9250 ||| INVOKING Finesse.
  9252 | D:9      | Reached skill level 12 in Dodging
  9421 | D:9      | 9421 ||| READING scroll of enchant weapon.
  9421 | D:9      | 9421 ||| ENCHANTING +0 orcbow.
  9597 | D:9      | 9597 ||| INVOKING Finesse.
  9605 | D:9      | Reached skill level 6 in Invocations
  9627 | D:9      | Reached skill level 12 in Ranged Weapons
  9712 | D:9      | 9712 ||| RETREEEEATING.
  9716 | D:9      | 9716 ||| RETREEEEATING.
  9717 | D:9      | 9717 ||| RETREEEEATING.
  9718 | D:9      | 9718 ||| RETREEEEATING.
  9719 | D:9      | 9719 ||| RETREEEEATING.
  9720 | D:9      | 9720 ||| RETREEEEATING.
  9721 | D:9      | 9721 ||| RETREEEEATING.
  9722 | D:9      | 9722 ||| RETREEEEATING.
  9723 | D:9      | 9723 ||| RETREEEEATING.
  9726 | D:9      | 9726 ||| RETREEEEATING.
  9727 | D:9      | 9727 ||| RETREEEEATING.
  9728 | D:9      | 9728 ||| RETREEEEATING.
  9729 | D:9      | 9729 ||| RETREEEEATING.
  9743 | D:9      | HP: 12/51 [poisoned by a killer bee]
  9744 | D:9      | Reached XP level 11. HP: 13/55 MP: 17/17
  9744 | D:9      | 9744 ||| DRINKING potion of heal wounds.
  9761 | D:9      | Reached ***** piety under Okawaru
  9907 | D:9      | 9907 ||| RETREEEEATING.
  9923 | D:9      | 9923 ||| RETREEEEATING.
  9924 | D:9      | 9924 ||| RETREEEEATING.
  9925 | D:9      | 9925 ||| RETREEEEATING.
  9926 | D:9      | 9926 ||| RETREEEEATING.
  9927 | D:9      | 9927 ||| RETREEEEATING.
  9944 | D:9      | 9944 ||| RETREEEEATING.
  9946 | D:9      | 9946 ||| RETREEEEATING.
  9947 | D:9      | 9947 ||| RETREEEEATING.
  9948 | D:9      | 9948 ||| RETREEEEATING.
  9950 | D:9      | 9950 ||| INVOKING Finesse.
  9967 | D:9      | HP: 10/55 [wraith (5)]
  9968 | D:9      | 9968 ||| READING scroll of teleportation.
 10163 | D:9      | Found a runed translucent gate.
 10163 | D:9      | Found a runed translucent gate.
 10163 | D:9      | Found a runed translucent gate.
 10165 | D:9      | Found an opulent altar of Gozag.
 10167 | D:9      | Noticed qw's ghost (novice DEHu)
 10191 | D:9      | 10191 ||| INVOKING Finesse.
 10380 | D:9      | 10380 ||| SWAPPING to +0 arbalest.
 10387 | D:9      | 10387 ||| DROPPING +1 orcbow.
 10625 | D:9      | 10625 ||| UPGRADING to +0 steam dragon scales.
 10635 | D:9      | 10635 ||| DROPPING +2 robe of positive energy.
 10636 | D:9      | 10636 ||| UPGRADING to ring of protection from cold.
 10637 | D:9      | 10637 ||| READING scroll of identify.
 10637 | D:9      | 10637 ||| IDENTIFYING fizzy dark potion
 10638 | D:9      | 10638 ||| READING scroll labelled REUZUI GEIH.
 10639 | D:9      | 10639 ||| DRINKING 2 fuming grey potions.
 10669 | D:10     | Entered Level 10 of the Dungeon
 10889 | D:10     | Noticed a two-headed ogre
 10890 | D:10     | 10890 ||| INVOKING Finesse.
 10895 | D:10     | Killed a two-headed ogre
 10896 | D:10     | Reached skill level 1 in Armour
 10956 | D:10     | Found Sucuax's Magic Scroll Shop.
 10961 | D:10     | 10961 ||| BUYING scroll of enchant armour (75 gold).
 10961 | D:10     | Bought a scroll of enchant armour for 75 gold pieces
 10961 | D:10     | 10961 ||| BUYING scroll of identify (20 gold).
 10961 | D:10     | Bought a scroll of identify for 20 gold pieces
 10961 | D:10     | 10961 ||| BUYING scroll of identify (20 gold).
 10961 | D:10     | Bought a scroll of identify for 20 gold pieces
 10961 | D:10     | 10961 ||| BUYING scroll of teleportation (30 gold).
 10961 | D:10     | Bought a scroll of teleportation for 30 gold pieces
 10961 | D:10     | 10961 ||| READING scroll of enchant armour.
 10961 | D:10     | 10961 ||| ENCHANTING +0 steam dragon scales.
 11377 | D:10     | 11377 ||| READING 3 scrolls of identify.
 11377 | D:10     | 11377 ||| IDENTIFYING grey potion
 11378 | D:10     | 11378 ||| READING 2 scrolls of identify.
 11378 | D:10     | 11378 ||| IDENTIFYING golden potion
 11379 | D:10     | 11379 ||| DROPPING potion of degeneration.
 11380 | D:10     | 11380 ||| DROPPING potion of attraction.
 11396 | D:11     | 11396 ||| STAIRDANCE
 11445 | D:11     | 11445 ||| STAIRDANCE
 11486 | D:11     | HP: 13/55 [poisoned by a kobold brigand]
 11487 | D:11     | 11487 ||| READING 2 scrolls of teleportation.
 11488 | D:11     | 11488 ||| DRINKING potion of heal wounds.
 11489 | D:11     | Found a staircase to the Lair.
 11490 | D:11     | 11490 ||| INVOKING Finesse.
 11491 | D:11     | HP: 13/55 [poisoned by a kobold brigand]
 11492 | D:11     | 11492 ||| READING scroll of teleportation.
 11494 | D:11     | HP: 6/55 [wolf (5)]
 11702 | D:11     | Noticed a two-headed ogre
 11703 | D:11     | 11703 ||| INVOKING Finesse.
 11710 | D:11     | Killed a two-headed ogre
 11750 | D:11     | Reached skill level 9 in Invocations
 11877 | D:11     | HP: 9/55 [electric eel/bolt of electricity (11)]
 12391 | D:11     | 12391 ||| RETREEEEATING.
 12627 | D:11     | You fall into a shaft and drop 3 floors!
 12674 | D:14     | Noticed a centaur warrior
 12675 | D:14     | 12675 ||| INVOKING Finesse.
 12683 | D:14     | Noticed a skeletal warrior
 12684 | D:14     | Killed a centaur warrior
 12685 | D:14     | Noticed a skeletal warrior
 12688 | D:14     | Noticed a skeletal warrior
 12697 | D:14     | Slain by a skeletal warrior

Levels and vault maps discovered:
D:1:      ncdulo_lavacross, layout_basic, minmay_misc_feat_pillars
D:2:      wad_pebble_path, layout_rooms, basic_altar, uniq_crazy_yiuf_cottage
D:3:      layout_basic, hellmonk_ecumenical_altar_pennies_from_heaven,
          serial_corexii_hall, corexii_hall_statues_s, chequers_hall_statues_y,
          corexii_hall_statues_s, corexii_hall_statues_x, minmay_box_of_dots,
          uniq_robin, uniq_terence
D:4:      layout_cave_pools, minmay_temple_entry_butterflies,
          nicolae_wooded_promenade
D:5:      layout_rooms, portal_sewer_entry_a, uniq_blork_the_orc
D:6:      layout_loops_ring, nzn_wu_jian_contemplation, uniq_sigmund
D:7:      hellmonk_crumbling_castle, layout_layer_cave, uniq_joseph,
          uniq_jeremiah, uniq_duvessa
D:8:      layout_gridville, uniq_erica
D:9:      layout_irregular_city, ebering_ghost_gozag, nrook_mini_vaults,
          chequers_serial_rivers_micro_e, nzn_random_ring
D:10:     layout_roguey, serial_shops, shop
D:11:     layout_roguey, erik_lair_island
D:14:     layout_loops_corners, chequers_mini_garden,
          gammafunk_ghost_necromancy, serial_bayou_lake_a
Temple:   mainiacjoe_temple_starburst

Skill      XL: |  1  2  3  4  5  6  7  8  9 10 11 |
---------------+----------------------------------+-----
Dodging        | 3 4 5 6 7 8 11 12 13 | 13.0
Ranged Weapons | 5 6 7 9 10 12 13 | 13.0
Fighting       | 2 3 4 5 |  5.0
Invocations    | 3 4 6 9 |  9.7
Armour         | 1 |  1.2
Stealth        | |  1.5

Action                     |  1- 3 |  4- 6 |  7- 9 | 10-12 || total
---------------------------+-------+-------+-------+-------++-------
   Fire: Shortbow          |    76 |   215 |   530 |   108 ||   929
         Orcbow            |       |       |       |   350 ||   350
         Arbalest          |       |       |       |   198 ||   198
 Invoke: Heroism           |       |       |    12 |     1 ||    13
         Finesse           |       |       |       |     8 ||     8
    Use: Scroll            |     3 |    12 |     9 |    10 ||    34
         Potion            |       |     3 |     6 |     5 ||    14
 Armour: Robe              |     5 |    30 |   100 |    72 ||   207
         Steam dragon scal |       |       |       |    44 ||    44
  Dodge: Dodged            |     8 |   105 |   412 |   460 ||   985

Table legend:
 A = Non-vault XP
 B = Vault XP
 C = Vault XP percentage of total XP
 D = Non-vault monster count
 E = Vault monster count
 F = Vault count percentage of total count
                 A         B        C        D         E       F
            +---------+---------+-------+---------+---------+-------
      Total |   15139 |    5714 |  27.4 |     242 |      96 |  28.4
            +---------+---------+-------+---------+---------+-------
        D:1 |      37 |       0 |   0.0 |      20 |       0 |   0.0
        D:2 |      80 |       0 |   0.0 |      16 |       0 |   0.0
        D:3 |      57 |     114 |  66.7 |      13 |      17 |  56.7
        D:4 |     611 |       0 |   0.0 |      33 |       0 |   0.0
        D:5 |     697 |     116 |  14.3 |      16 |       5 |  23.8
        D:6 |     553 |     239 |  30.2 |      16 |       1 |   5.9
        D:7 |    1137 |    1062 |  48.3 |      20 |       4 |  16.7
        D:8 |    1924 |     839 |  30.4 |      29 |       1 |   3.3
        D:9 |    4208 |    2197 |  34.3 |      38 |      17 |  30.9
       D:10 |    1519 |       0 |   0.0 |      20 |       0 |   0.0
       D:11 |    3483 |     751 |  17.7 |      20 |       8 |  28.6
       D:14 |     833 |       0 |   0.0 |       1 |       0 |   0.0
      Sewer |       0 |     396 | 100.0 |       0 |      43 | 100.0
            +---------+---------+-------+---------+---------+-------
